 Dungeon Crawl Stone Soup version 0.19.5 (webtiles) character file.

99 ghjk the Covered (level 4, -2/40 HPs)
             Began as a Minotaur Fighter on Apr 24, 2017.
             Killed by divine providence
             ... invoked by an orc priest
              (11 damage)
             ... on level 3 of the Dungeon.
             The game lasted 00:02:06 (1740 turns).

ghjk the Covered (Minotaur Fighter)                 Turns: 1740, Time: 00:02:07

Health: -2/40      AC:  8    Str: 26    XL:     4   Next: 45%
Magic:  3/3        EV:  8    Int:  5    God:
Gold:   103        SH: 10    Dex: 10    Spells: 0 memorised, 3 levels left

rFire  . . .     SeeInvis .     m - +2 war axe (elec)
rCold  . . .     Gourm    .     b - +0 scale mail
rNeg   . . .     Faith    .     c - +0 shield
rPois  .         Spirit   .     (helmet restricted)
rElec  .         Reflect  .     (no cloak)
rCorr  .         Harm     .     i - +0 pair of gloves
MR     .....                    (no boots)
Stlth  ..........               (no amulet)
                                (no ring)
                                (no ring)

@: mighty
A: retaliatory headbutt, horns 2
a: no special abilities


You were on level 3 of the Dungeon.
You were hungry.

You visited 1 branch of the dungeon, and saw 3 of its levels.

You collected 103 gold pieces.

Inventory:

Hand Weapons
 a - a +0 war axe
 m - a +2 war axe of electrocution (weapon)
Armour
 b - a +0 scale mail (worn)
 c - a +0 shield (worn)
 i - a +0 pair of gloves (worn)
Jewellery
 v - an uncursed amulet of harm {unknown}
Scrolls
 k - 2 scrolls of enchant armour {unknown}
 l - a scroll of remove curse {unknown}
 o - a scroll of immolation {unknown}
 q - a scroll of enchant weapon {unknown}
 t - a scroll of teleportation {unknown}
 u - a scroll of noise {unknown}
Potions
 e - a potion of lignification {unknown}
 g - a potion of agility
 h - 2 potions of cure mutation {unknown}
 j - a potion of haste
 n - a potion of magic {unknown}
 p - a potion of degeneration {unknown}
 r - a potion of flight {unknown}
 s - 2 potions of curing {unknown}
Comestibles
 f - 4 bread rations


   Skills:
 + Level 4.2 Fighting
 + Level 3.2 Axes
 + Level 4.7 Armour
 + Level 0.4 Dodging
 + Level 4.5 Shields


You had 3 spell levels left.
You didn't know any spells.

Dungeon Overview and Level Annotations

Branches:
Dungeon (3/15)

Altars:
Ashenzari
Nemelex Xobeh
Yredelemnul


Innate Abilities, Weirdness & Mutations

You reflexively headbutt those who attack you in melee.
You have a pair of horns on your head.


Message History

You block the orc priest's attack.
The orc priest mumbles some strange prayers to Beogh against you.
Beogh smites you!
You closely miss the orc. You headbutt the orc, but do no damage.
The orc hits you but does no damage.
You hit the orc.
The orc is heavily wounded.
The orc priest invokes the aid of Beogh against you.
Beogh smites you!
The orc priest mumbles some strange prayers to Beogh against you.
Beogh smites you!
* * * LOW HITPOINT WARNING * * *
The orc hits you but does no damage.
The orc priest calls upon Beogh to heal the orc.
The orc's wounds heal themselves!
Okay, then.
You feel very mighty all of a sudden.
The orc priest mumbles some strange prayers to Beogh against you.
Beogh smites you!
You die...

##### ### ## ##...##
####.. .. ##.#.#.##
#....#.#.#
##.#...#.#####.##.._..#
..............))[.#
.#.#...#.#####.##.#
.##.#.#.## #)##.#.#
.###...## #..@...#
....#### ####o### ....#
o# #...# o. ...## #.#
##.###... .# #.........
.# .....#.... .# #....#
..


You could see 2 orc priests and an orc.

Vanquished Creatures
  A gnoll (D:1)
  3 adders (D:2)
  3 worms (D:2)
  A dart slug (D:2)
  2 leopard geckos (D:2)
  5 orcs (D:3)
  4 giant cockroaches
  4 goblins
  A hobgoblin (D:2)
  2 jackals (D:1)
  6 kobolds
  7 bats
  2 frilled lizards
  3 rats (D:2)
44 creatures vanquished.

Notes
Turn   | Place    | Note
-------+----------+-------------------------------------------
     0 | D:1      | ghjk the Minotaur Fighter began the quest for the Orb.
     0 | D:1      | Reached XP level 1. HP: 19/19 MP: 0/0
     3 | D:1      | Noticed an electric eel
     3 | D:1      | Noticed an electric eel
   154 | D:1      | Reached XP level 2. HP: 22/27 MP: 1/1
   167 | D:1      | Found a shattered altar of Ashenzari.
   550 | D:1      | Reached XP level 3. HP: 24/33 MP: 2/2
  1231 | D:2      | Reached XP level 4. HP: 40/40 MP: 3/3
  1678 | D:3      | Found a sparkling altar of Nemelex Xobeh.
  1714 | D:3      | Found a basalt altar of Yredelemnul.
  1740 | D:3      | Killed from afar by an orc priest

Skill      XL: |  1  2  3  4 |
---------------+-------------+-----
Fighting       | 4 |  4.2
Armour         | 4 |  4.7
Shields        | 4 |  4.5
Axes           | 3 |  3.2
Dodging        | |  0.4

Action                   |  1- 3 |  4- 6 || total
-------------------------+-------+-------++-------
Melee: War axe           |    67 |    22 ||    89
       Headbutt          |    13 |     2 ||    15
  Use: Scroll            |     5 |       ||     5
       Potion            |       |     1 ||     1
  Eat: Chunk             |       |     2 ||     2
Armor: Scale mail        |    28 |    10 ||    38
Dodge: Dodged            |    21 |     4 ||    25
Block: Shield            |    32 |    14 ||    46
